 Dungeon Crawl Stone Soup version 0.22.1-1-ga44c0e56f4 (webtiles) character file.

173 NeonDemon the Sneak (level 5, -18/24 HPs)
             Began as a Spriggan Necromancer on Nov 10, 2018.
             Blown up by a gnoll (22 damage)
             ... with a wand of disintegration (9)
             ... on level 3 of the Dungeon.
             The game lasted 00:25:39 (3825 turns).

NeonDemon the Sneak (Spriggan Necromancer)          Turns: 3825, Time: 00:25:40

Health: -18/24     AC:  2    Str:  4    XL:     5   Next: 28%
Magic:  7/10       EV: 20    Int: 20    God:
Gold:   68         SH:  0    Dex: 17    Spells: 4/9 levels left

rFire    . . .     SeeInvis +   a - +2 short sword (elec)
rCold    . . .     Gourm    .   (shield restricted)
rNeg     . . .     Faith    .   h - +0 robe
rPois    .         Spirit   .   (helmet restricted)
rElec    .         Reflect  .   (no cloak)
rCorr    .         Harm     .   (gloves unavailable)
MR       .....                  (boots unavailable)
Stlth    +++.......             (no amulet)
HPRegen  0.08/turn              g - +1 ring of evasion
MPRegen  0.12/turn              i - +3 ring of intelligence

@: drained, very quick
A: very small, unfitting armour, see invisible, herbivore, speed 3, slow
metabolism 2
a: no special abilities


You were on level 3 of the Dungeon.
You were hungry.

You visited 1 branch of the dungeon, and saw 3 of its levels.

You collected 68 gold pieces.

Inventory:

Hand Weapons
 a - a +2 short sword of electrocution (weapon)
 l - a cursed +0 short sword
Missiles
 e - 2 stones (quivered)
Armour
 h - a +0 robe (worn)
Magical Staves
 n - an uncursed staff of conjuration {unknown}
Jewellery
 g - a +1 ring of evasion (left hand)
 i - a +3 ring of intelligence (right hand)
Scrolls
 d - a scroll of identify {unknown}
 m - a scroll of enchant weapon {unknown}
Potions
 b - a potion of degeneration {unknown}
 f - a potion of heal wounds {unknown}
 j - a potion of curing {unknown}
 k - a potion of flight {unknown}
Comestibles
 c - 4 rations


   Skills:
 + Level 0.0 Short Blades
 - Level 4.4(4.3) Dodging
 + Level 5.1(5.0) Stealth
 - Level 2.6 Spellcasting
 * Level 5.0(4.9) Necromancy


You had 4 spell levels left.
You knew the following spells:

 Your Spells              Type           Power        Failure   Level  Hunger
a - Pain                  Necr           ###.         1%          1    None
b - Animate Skeleton      Necr           N/A          1%          1    None
c - Vampiric Draining     Necr           ###.......   6%          3    ###....

Your spell library contained the following spells:

 Spells                   Type           Power        Failure   Level  Hunger
 Regeneration             Chrm/Necr      ##........   16%         3    ###....
 Animate Dead             Necr           N/A          19%         4    ####...


Dungeon Overview and Level Annotations

Branches:
Dungeon (3/15)

Altars:
Xom

Annotations:
D:2 exclusion: downstairs
D:3 exclusion: quokka, Grinder, Terence


Innate Abilities, Weirdness & Mutations

You are very small and have problems with some larger weapons.
You are too small for most types of armour.
You have supernaturally acute eyesight. (SInv)
You are a herbivore.
You cover ground extremely quickly.
You need to consume almost no food.


Message History

Unknown command.
Unknown command.
Unknown command.
Unknown command.
Unknown command.
Unknown command.
Unknown command.
Unknown command.
Unknown command.
Unknown command.
Unknown command.
Unknown command.
Unknown command.
Unknown command.
Unknown command.
Unknown command.
Unknown command.
The gnoll zaps a wand.
You are blasted!
Ouch! That really hurt!
You die...

.## ##..# #...#### ##[####
..###...### #..)##)## #.....
#..#......# #...#.#.## #... .
#.#.##..#.######....###.###.###.#
#.#.##..#..5.......## ##.........
....##............## ##.#..#...
#.#................## ##.##..#
#.........######%...###.##.#...
####.##.#.# #@..#.#.#### .....
#.#<.#.# ###...##.## .####
####.#.##.# #...).#### ..
.....#.##.####..Z..# ##
###.ยง..............#######
###.##.###.####..##......#
.................##.####......#
###..#####.##......(g..#..#....
.....#####.##.#..##.##......#.#


You could see a gnoll and a friendly gnoll skeleton.

Vanquished Creatures
  A crimson imp
  3 gnolls
  3 adders
  2 dart slugs
  An orc
  6 hobgoblins
  2 jackals
  A quokka
  6 bats
  2 frilled lizards
  6 goblins
  10 kobolds
  4 rats
47 creatures vanquished.

Vanquished Creatures (collateral kills)
  A crimson imp
  A leopard gecko
  A goblin
  2 rats
5 creatures vanquished.

Grand Total: 52 creatures vanquished

Notes
Turn   | Place    | Note
-------+----------+-------------------------------------------
     0 | D:1      | NeonDemon the Spriggan Necromancer began the quest for the
                  | Orb.
     0 | D:1      | Reached XP level 1. HP: 9/9 MP: 5/5
     2 | D:1      | Learned a level 1 spell: Animate Skeleton
   491 | D:1      | Reached XP level 2. HP: 9/13 MP: 1/6
  1085 | D:1      | Reached skill level 4 in Necromancy
  1912 | D:2      | Reached XP level 3. HP: 16/16 MP: 6/8
  1960 | D:2      | Learned a level 3 spell: Vampiric Draining
  2191 | D:2      | Reached skill level 4 in Stealth
  2838 | D:3      | Reached skill level 4 in Dodging
  2838 | D:3      | Reached XP level 4. HP: 16/21 MP: 4/9
  3026 | D:3      | Found a shimmering altar of Xom.
  3153 | D:3      | Noticed Grinder
  3639 | D:3      | Noticed Terence
  3731 | D:3      | Noticed a bullfrog
  3798 | D:3      | Reached XP level 5. HP: 21/24 MP: 5/10
  3822 | D:3      | Reached skill level 5 in Stealth
  3822 | D:3      | Reached skill level 5 in Necromancy
  3824 | D:3      | HP: 4/24 [disintegration (15)]
  3825 | D:3      | Blown up by a gnoll

Skill      XL: |  1  2  3  4  5 |
---------------+----------------+-----
Necromancy     | 4 5 |  5.0
Stealth        | 4 5 |  5.1
Dodging        | 4 |  4.4
Spellcasting   | |  2.6

Action                   |  1- 3 |  4- 6 || total
-------------------------+-------+-------++-------
Melee: Dagger            |     6 |       ||     6
       Short sword       |     7 |    19 ||    26
Throw: Stone             |    11 |    16 ||    27
 Cast: Pain              |    58 |    18 ||    76
       Animate Skeleton  |    15 |     8 ||    23
  Use: Scroll            |     2 |       ||     2
 Stab: Sleeping          |     3 |     2 ||     5
Armor: Robe              |     1 |     1 ||     2
Dodge: Dodged            |    17 |    14 ||    31
